 Dungeon Crawl Stone Soup version 0.20.1-1-g8b1a95d (webtiles) character file.

201 gobwax the Slasher (level 5, -1/39 HPs)
             Began as a Barachi Skald on July 10, 2017.
             Slain by a gnoll
             ... wielding a +0 flail
              (5 damage)
             ... on level 2 of the Dungeon.
             The game lasted 00:04:22 (2419 turns).

gobwax the Slasher (Barachi Skald)                  Turns: 2419, Time: 00:04:24

Health: -1/39      AC:  7    Str: 13    XL:     5   Next: 79%
Magic:  0/8        EV: 12    Int: 13    God:
Gold:   67         SH:  0    Dex: 12    Spells: 7/8 levels left

rFire    . . .     SeeInvis +   a - +0 falchion
rCold    . . .     Gourm    .   (no shield)
rNeg     . . .     Faith    .   b - +0 leather armour
rPois    .         Spirit   +   s - +1 helmet {SInv}
rElec    .         Reflect  .   (no cloak)
rCorr    .         Harm     .   (no gloves)
MR       .....                  g - +1 pair of boots
Stlth    +.........             n - amulet of guardian spirit
Regen    0.2/turn               (no ring)
MPRegen  0.2/turn               (no ring)

@: slow
A: +LOS, swims, slowness 1, strong legs 1
a: Hop


You were on level 2 of the Dungeon.
You were not hungry.

You visited 1 branch of the dungeon, and saw 2 of its levels.

You collected 67 gold pieces.

Inventory:

Hand Weapons
 a - a +0 falchion (weapon)
Armour
 b - a +0 leather armour (worn)
 g - a +1 pair of boots (worn)
 s - a +1 helmet of see invisible (worn)
Jewellery
 n - an amulet of guardian spirit (around neck)
Wands
 q - a wand of digging (7/24)
Scrolls
 e - 2 scrolls of identify {unknown}
 h - a scroll of remove curse {unknown}
 i - 3 scrolls of immolation
 k - a scroll of noise {unknown}
 v - a scroll of fear {unknown}
Potions
 f - 3 potions of curing
 l - a potion of agility {unknown}
 p - a potion of heal wounds {unknown}
 r - a potion of magic {unknown}
 u - a potion of flight {unknown}
Books
 c - a book of Battle

   Spells                             Type                      Level
   a - Infusion                       Charms                       1
   b - Shroud of Golubria             Charms/Translocation         2
   c - Song of Slaying                Charms                       2
   d - Spectral Weapon                Hexes/Charms                 3
   e - Regeneration                   Charms/Necromancy            3
Comestibles
 d - a bread ration
 j - 2 fruits
 m - a royal jelly
 o - a meat ration
 t - 2 chunks of flesh


   Skills:
 - Level 2.4 Fighting
 * Level 7.0 Long Blades
 - Level 1.2 Armour
 - Level 2.1 Dodging
 - Level 2.1 Spellcasting
 - Level 3.2 Charms


You had 7 spell levels left.
You knew the following spells:

 Your Spells              Type           Power        Failure   Level  Hunger
a - Infusion              Chrm           #...         9%          1    ##.....


Dungeon Overview and Level Annotations

Branches:
Dungeon (2/15)

Altars:

Annotations:
D:2 Sigmund


Innate Abilities, Weirdness & Mutations

Shadows flee at your approach. (+LOS)
You can swim through water.
You cover ground slowly.
You can hop short distances.


Message History

The gnoll is severely wounded.
The gnoll hits you with a flail!
* * * LOW HITPOINT WARNING * * *
The gnoll hits you but does no damage.
You barely miss the gnoll.
The gnoll is severely wounded.
The gnoll closely misses you. The gnoll hits you with a spear.
* * * LOW HITPOINT WARNING * * *
You closely miss the gnoll.
The gnoll is severely wounded.
The gnoll hits you with a spear.
* * * LOW HITPOINT WARNING * * *
The gnoll barely misses you.
You closely miss the gnoll.
The gnoll is severely wounded.
You are no longer magically infusing your attacks.
The gnoll hits you with a spear.
* * * LOW HITPOINT WARNING * * *
The gnoll hits you with a flail.
You die...

#.#######...........
##.##..............##
#.....########.....#
#..#### ####.....##
#..# ............
#..#####.............
#......#.#####.#..##.
#.####<#. #.##.##.
#..g@# #. #.##.##.
####g# #. #.##.##.
#.# #. #....... #.#
#. ####.##. #.# #.
#.##. #.# #.
#######.##. #.#
#.##........#. #.#
#.<...)....... #.#
#.##.#####..##


You could see 2 gnolls.

Vanquished Creatures
  Natasha (thrice) (D:2)
  Robin (D:2)
  2 gnolls (D:2)
  3 adders (D:2)
  2 oozes (D:1)
  2 dart slugs (D:1)
  2 leopard geckos
  3 bats
  A giant cockroach (D:1)
  13 goblins
  7 hobgoblins
  3 jackals (D:1)
  A quokka (D:2)
  4 frilled lizards
  6 kobolds
  4 rats (D:1)
57 creatures vanquished.

Notes
Turn   | Place    | Note
-------+----------+-------------------------------------------
     0 | D:1      | gobwax the Barachi Skald began the quest for the Orb.
     0 | D:1      | Reached XP level 1. HP: 17/17 MP: 3/3
   261 | D:1      | Reached skill level 3 in Long Blades
   285 | D:1      | Reached XP level 2. HP: 20/23 MP: 5/5
   854 | D:1      | Reached skill level 4 in Long Blades
  1071 | D:1      | Reached XP level 3. HP: 27/28 MP: 4/6
  1341 | D:2      | Noticed Natasha
  1351 | D:2      | Killed Natasha
  1351 | D:2      | Reached skill level 5 in Long Blades
  1351 | D:2      | Reached XP level 4. HP: 4/34 MP: 0/7
  1731 | D:2      | Noticed Robin
  1755 | D:2      | Killed Robin
  1794 | D:2      | Noticed Natasha
  1810 | D:2      | Killed Natasha
  2096 | D:2      | Reached skill level 6 in Long Blades
  2096 | D:2      | Reached XP level 5. HP: 36/39 MP: 8/8
  2127 | D:2      | Noticed Natasha
  2139 | D:2      | Killed Natasha
  2264 | D:2      | Noticed Sigmund
  2410 | D:2      | Reached skill level 7 in Long Blades
  2419 | D:2      | Slain by a gnoll

Skill      XL: |  1  2  3  4  5 |
---------------+----------------+-----
Long Blades    | 3 4 5 6 7 |  7.0
Fighting       | |  2.4
Armour         | |  1.2
Dodging        | |  2.1
Spellcasting   | |  2.1
Charms         | |  3.2

Action                   |  1- 3 |  4- 6 || total
-------------------------+-------+-------++-------
Melee: Falchion          |    99 |   111 ||   210
 Cast: Infusion          |     1 |     4 ||     5
 Abil: Hop               |       |     1 ||     1
  Use: Potion            |       |     2 ||     2
       Scroll            |       |     1 ||     1
  Eat: Chunk             |     2 |     4 ||     6
Armor: Leather armour    |    27 |    29 ||    56
Dodge: Dodged            |    69 |    71 ||   140
       Rpst.: Falchion   |    20 |    27 ||    47
